 Dungeon Crawl Stone Soup version 0.30.1-11-g7821555f0a (webtiles) character file.

Game seed: 10083996129954345143

5133 Noth1ng the Spear-Bearer (level 10, -20/85 (91) HPs)
             Began as a Minotaur Berserker on Nov 28, 2023.
             Was an Elder of Trog.
             Killed by an exploding wight (32 damage)
             ... ignited by their inner flame
             ... on level 9 of the Dungeon on Nov 29, 2023.
             The game lasted 00:55:16 (4741 turns).

Noth1ng the Spear-Bearer (Minotaur Berserker)       Turns: 4741, Time: 00:55:18

HP:   -20/85 (91)   AC: 20    Str: 24    XL:     10   Next: 33%
MP:   9/9           EV:  9    Int:  4    God:    Trog [****..]
Gold: 257           SH:  0    Dex: 12    Spells: 9/9 levels left

rFire   . . .        q - +0 trident
rCold   . . .        r - orb {light}
rNeg    . . .        y - +1 plate armour
rPois   .            (helmet restricted)
rElec   .            (no cloak)
rCorr   .            (no gloves)
SInv    .            g - +0 pair of boots
Will    +++..        (no amulet) Stlth
                     i - +4 ring of protection
HPRegen 1.34/turn    C - ring of willpower
MPRegen 0.11/turn

%: no passive effects
@: strong-willed, on berserk cooldown, regenerating, slowed, glowing, drained,
very slow
A: horns 2, retaliatory headbutt
a: Renounce Religion, Berserk, Trog's Hand, Brothers in Arms


You were on level 9 of the Dungeon.
You worshipped Trog.
Trog was greatly pleased with you.
You visited 1 branch of the dungeon, and saw 9 of its levels.
You also visited: Sewer.

You collected 257 gold pieces.

Inventory:

Hand Weapons
 n - a +2 dire flail of protection
 q - a +0 trident (weapon)
 s - a +0 war axe
 B - a +2 spear
 F - the +2 dagger of the Distant Future {holy, rN+ Int+3 Dex+3}
   (You found it on level 9 of the Dungeon)

   Int:       It affects your intelligence (+3).
   Dex:       It affects your dexterity (+3).
   rN:        It protects you from negative energy.
Missiles
 m - 9 poisoned darts
Armour
 b - a +0 animal skin
 g - a +0 pair of boots (worn)
 h - a +0 leather armour
 r - an orb of light (worn)
 y - a +1 plate armour (worn)
Jewellery
 d - a ring of flight
 i - a +4 ring of protection (left hand)
 k - a ring of magical power
 C - a ring of willpower (right hand)
Scrolls
 j - 2 scrolls of noise
 l - 3 scrolls of fog {unknown}
 p - a scroll of teleportation {unknown}
 u - 2 scrolls of blinking
 v - a scroll of summoning {unknown}
 D - a scroll of brand weapon {unknown}
 E - a scroll of torment
Potions
 a - a potion of degeneration {unknown}
 c - 5 potions of heal wounds {unknown}
 f - a potion of invisibility (quivered)
 o - a potion of ambrosia {unknown}
 t - a potion of resistance {unknown}
 w - a potion of brilliance {unknown}
 z - a potion of haste {unknown}
 A - a potion of attraction {unknown}


   Skills:
 + Level 9.2 Fighting
 + Level 12.5 Polearms
 + Level 9.0 Armour
 + Level 6.3 Dodging
 + Level 1.2 Stealth


You had 9 spell levels left.
You didn't know any spells.
Your spell library contained the following spells:

 Spells                   Type           Power      Damage    Failure   Level
 Magic Dart               Conj           0%         1d3       100%        1
 Call Imp                 Summ           0%         N/A       100%        2
 Poisonous Vapours        Pois/Air       0%         N/A       100%        2
 Mephitic Cloud           Conj/Pois/Air  0%         N/A       100%        3
 Freezing Cloud           Conj/Ice/Air   0%         6-21      100%        5


Dungeon Overview and Level Annotations

Branches:
Dungeon (9/15)             Temple (0/1) D:4           Sewer (visited)
   Lair: D:8-11         Orc: D:9-12

Altars:
Gozag
Trog
Wu Jian

Annotations:
D:8 1 transporter, Azazsd's ghost, novice GrFi


Innate Abilities, Weirdness & Mutations

You have a pair of horns on your head.
You reflexively headbutt those who attack you in melee.


Message History

The wight is moderately damaged.
The wight barely misses you. The wight hits you with a +5 battleaxe.
* * * LOW HITPOINT WARNING * * *
Your skin crawls.
You feel strong-willed. The wight barely misses you.
The wight hits you but does no damage. x3
Things that are here:
a +0 great sword; a +2 robe of cold resistance The wight hits you with a +5 battleaxe.
* * * LOW HITPOINT WARNING * * *
You feel drained.
You see here a yak corpse.
As you read the scroll of immolation, it crumbles to dust.
The creatures around you are filled with an inner flame!
The wight closely misses you.
You feel the effects of Trog's Hand fading.
The wight hits you with a +5 battleaxe.
You feel drained. The wight hits you but does no damage.
The wight closely misses you. You furiously retaliate!
You headbutt the wight!
Flame seeps out of the wight.
The wight is engulfed in blazing flames.
Flame seeps out of the wight.
The wight hits you but does no damage. The wight misses you.
Your skin stops crawling.
You feel less strong-willed. The wight attacks as you move away!
The wight completely misses you. The wight hits you with a +5 battleaxe.
The wight hits you with a +5 battleaxe!
* * * LOW HITPOINT WARNING * * *
You feel drained.
* * * LOW HITPOINT WARNING * * *
The wight attacks as you move away! The wight hits you with a +5 battleaxe.
* * * LOW HITPOINT WARNING * * *
Your polar bear goes berserk!
The wight closely misses you. x2
Your skin crawls.
You feel strong-willed.
Your polar bear bites the wight!!
Trog accepts your kill.
The wight explodes!
The fiery explosion engulfs you!!
You die...

........##..≈.≈..# ...
........##.≈...≈.# ....
...........≈...≈.# ##.....
......./.........######..?.~..
##########[..≈......†))(# #
#### #≈.....≈##††##>...... ###
#.. .#≈≈..z§§h..## ####... ..#
#.##.......§§.†##### .
#)###.########.§@§....<...
))).......................
........########..######..
........# ...... ........#
######## ........# ###.#..##
#.#..# #......


You could see a wight (inner flame, ally target) and a friendly polar bear
(summoned, berserk).

Vanquished Creatures
  17 yaks
  2 wyverns
  A steam dragon (D:8)
  Menkaure (D:7)
  2 black bears
  An orc warrior (D:8)
  2 ice beasts (D:6)
  2 ogres
  2 kobold brigands
  Blork the orc (D:6)
  2 scorpions
  7 wights
  2 howler monkeys
  A hound (D:5)
  A jelly (D:8)
  3 orc priests
  9 orc wizards
  2 iguanas
  10 adders
  5 river rats
  A shadow imp (D:7)
  2 white imps (D:7)
  2 worms
  A dart slug (D:3)
  40 orcs
  7 ball pythons
  4 endoplasms
  3 giant cockroaches
  8 goblins
  5 hobgoblins
  4 jackals (Sewer)
  4 quokkas
  5 bats
  4 frilled lizards
  13 kobolds
  6 rats
182 creatures vanquished.

Vanquished Creatures (collateral kills)
  A wight (D:9)
  3 orc priests (D:6)
  3 orcs (D:6)
7 creatures vanquished.

Grand Total: 189 creatures vanquished

Notes
Turn   | Place    | Note
-------+----------+-------------------------------------------
     0 | D:1      | Noth1ng the Minotaur Berserker began the quest for the Orb.
     0 | D:1      | Reached XP level 1. HP: 19/19 MP: 0/0
   316 | D:1      | Reached XP level 2. HP: 23/27 MP: 1/1
   430 | D:1      | Reached skill level 4 in Polearms
   701 | D:2      | Reached XP level 3. HP: 32/33 MP: 2/2
   884 | D:2      | Reached ** piety under Trog
   928 | D:3      | Found a glowing drain.
   938 | Sewer    | Entered a sewer
  1005 | Sewer    | Reached XP level 4. HP: 20/41 MP: 3/3
  1021 | Sewer    | Reached skill level 5 in Polearms
  1051 | Sewer    | Noticed a kobold brigand
  1071 | Sewer    | Killed a kobold brigand
  1072 | Sewer    | Reached XP level 5. HP: 47/47 MP: 4/4
  1772 | D:1      | Reached *** piety under Trog
  1791 | D:1      | You fall into a shaft and drop 1 floor!
  1868 | D:3      | Reached skill level 6 in Polearms
  1962 | D:3      | Reached XP level 6. HP: 46/55 MP: 5/5
  1970 | D:3      | Found a bloodstained altar of Trog.
  1972 | D:3      | Found an opulent altar of Gozag.
  2390 | D:4      | Reached skill level 5 in Fighting
  2400 | D:4      | Found a staircase to the Ecumenical Temple.
  2593 | D:5      | Entered Level 5 of the Dungeon
  2792 | D:5      | Reached XP level 7. HP: 37/61 MP: 6/6
  2807 | D:5      | Reached skill level 7 in Polearms
  2809 | D:5      | Reached **** piety under Trog
  3243 | D:6      | Reached skill level 8 in Polearms
  3249 | D:6      | Noticed Blork the orc
  3264 | D:6      | Killed Blork the orc
  3265 | D:6      | Reached skill level 5 in Dodging
  3288 | D:6      | Reached skill level 5 in Armour
  3288 | D:6      | Reached XP level 8. HP: 51/70 MP: 7/7
  3503 | D:7      | Reached skill level 9 in Polearms
  3627 | D:7      | Noticed Menkaure
  3636 | D:7      | Killed Menkaure
  3794 | D:8      | Reached XP level 9. HP: 14/73 MP: 8/8
  3836 | D:8      | Reached skill level 10 in Polearms
  3864 | D:8      | Found an ornate altar of the Wu Jian Council.
  4037 | D:8      | Noticed Azazsd's ghost (novice GrFi)
  4050 | D:8      | Found a transporter.
  4078 | D:8      | Reached skill level 1 in Stealth
  4261 | D:8      | Reached skill level 11 in Polearms
  4488 | D:9      | Identified the +2 dagger of the Distant Future {holy, rN+
                  | Int+3 Dex+3}
  4690 | D:9      | Reached XP level 10. HP: 51/90 MP: 9/9
  4704 | D:9      | Reached skill level 12 in Polearms
  4741 | D:9      | Killed by an exploding wight... ignited by their inner
                  | flame

Illustrated notes

Levels and vault maps discovered:
D:1:      sevenhm_arrival_forest_fort_large_2, layout_basic, minmay_cupped
D:2:      layout_basic, minmay_box_of_dots
D:3:      layout_basic, lemuel_crystal_altar, bloody_trog,
          cheibrodos_sewer_entry_sluice
D:4:      layout_loops_corners, nicolae_overflow_two_pavilions,
          temple_fountains, serial_shops, shop_statue
D:5:      layout_layer_cave, minmay_pentangle
D:6:      layout_cave_pods, okawaru_metal_pillars_1_2, uniq_blork_the_orc
D:7:      cheibrodos_quashed, layout_rooms, lemuel_round_altar, uniq_menkaure
D:8:      layout_gridville, nicolae_wu_jian_wuxing_cycle, nzn_ghost_randoct
D:9:      layout_rooms, mainiacjoe_overflow_alcove_4, nicolae_uskayaw_suspiria,
          serial_rivers, chequers_serial_rivers_large_a,
          chequers_serial_rivers_micro_c, chequers_serial_rivers_micro_e,
          chequers_serial_rivers_micro_c

Skill      XL: |  1  2  3  4  5  6  7  8  9 10 |
---------------+-------------------------------+-----
Fighting       | 4 5 6 7 8 9 |  9.2
Polearms       | 4 5 6 8 9 11 12 | 12.5
Armour         | 3 4 5 6 8 9 |  9.0
Dodging        | 3 4 5 6 |  6.3
Stealth        | 1 |  1.2

Action                     |  1- 3 |  4- 6 |  7- 9 | 10-12 || total
---------------------------+-------+-------+-------+-------++-------
  Melee: Spear             |    69 |    85 |       |       ||   154
         Headbutt          |     9 |    34 |    59 |    10 ||   112
         Trident           |       |    93 |   218 |    32 ||   343
         Punch             |       |     1 |     1 |       ||     2
 Invoke: Berserk           |       |     2 |     3 |     1 ||     6
         Trog's Hand       |       |     1 |     3 |     2 ||     6
         Brothers in Arms  |       |       |     1 |     1 ||     2
    Use: Scroll            |     7 |     3 |     5 |     1 ||    16
         Potion            |     1 |       |     4 |     1 ||     6
   Stab: Sleeping          |     1 |       |       |       ||     1
 Armour: Animal skin       |     4 |       |       |       ||     4
         Leather armour    |    28 |    80 |    25 |       ||   133
         Plate armour      |       |       |    96 |    20 ||   116
  Dodge: Dodged            |    45 |   135 |   104 |    16 ||   300
